 Dungeon Crawl Stone Soup version 0.30-a0-322-g102857c98e (webtiles) character file.

Game seed: 6688008569291365760

2508 lunkers the Geomancer (level 10, -10/69 HPs)
             Began as a Meteoran Earth Elementalist on Oct 27, 2022.
             Was an Initiate of Ru.
             Mangled by a slime creature (11 damage)
             ... on level 10 of the Dungeon.
             The game lasted 00:07:24 (2518 turns).

lunkers the Geomancer (Meteoran Earth Elementalist) Turns: 2518, Time: 00:07:25

Health: -10/69     AC:  7    Str:  9    XL:     10   Next: 9%
Magic:  5/24       EV: 12    Int: 21    God:    Ru [......]
Gold:   238        SH:  0    Dex: 16    Spells: 21/27 levels left

rFire   . . .      SeeInvis .    l - +3 mace (vorpal)
rCold   . . .      Faith    .    (no shield)
rNeg    . . .      Spirit   .    x - +2 robe {Will+}
rPois   .          Reflect  .    (no helmet)
rElec   .          Harm     .    C - +0 cloak
rCorr   +          Rampage  .    u - +1 Delatra's gloves {ID++}
Will    ++...                    (no boots)
Stlth   +.........               (no amulet)
HPRegen 0.31/turn                w - +4 ring of slaying
MPRegen 0.19/turn                q - ring of resist corrosion

@: glowing
A: sense surroundings 2, otherworldly, glowing, explore regen
a: Renounce Religion


You were on level 10 of the Dungeon.
You worshipped Ru.
Ru was noncommittal.
You visited 2 branches of the dungeon, and saw 9 of its levels.

You collected 238 gold pieces.

Inventory:

Hand Weapons
 l - a +3 vorpal mace (weapon)
 v - a +2 whip of electrocution
Armour
 a - a +1 robe
 j - an orb of mayhem
 n - the +2 leather armour "Jovifewk" {+Inv rElec rC-}
   (You found it on level 3 of the Dungeon)

   rC:        It makes you vulnerable to cold.
   rElec:     It insulates you from electricity.
   +Inv:      It lets you turn invisible.
 u - the +1 Delatra's gloves (worn) {ID++}
   (You found it on level 5 of the Dungeon)

   It heals its wearer when they drink unknown potions.
   It restores its wearer's MP when they read unknown scrolls.
 x - a +2 robe of willpower (worn)
 B - a +0 pair of gloves
 C - a +0 cloak (worn)
Magical Staves
 r - a staff of fire
Jewellery
 k - a +6 ring of strength
 q - a ring of resist corrosion (right hand)
 w - a +4 ring of slaying (left hand)
Wands
 A - a wand of quicksilver (3)
Scrolls
 f - a scroll of magic mapping
 i - a scroll of enchant armour
 m - 2 scrolls of fear
 s - a scroll of teleportation
 y - a scroll of immolation
 z - a scroll of amnesia
Potions
 b - a potion of magic
 c - 4 potions of curing
 d - a potion of flight
 e - 2 potions of haste
 g - 2 potions of lignification
 h - a potion of ambrosia
 o - a potion of degeneration
 p - a potion of attraction
 t - a potion of brilliance {unknown}


   Skills:
 - Level 2.4 Dodging
 - Level 1.4 Stealth
 + Level 9.1 Spellcasting
 - Level 1.2 Transmutations
 * Level 12.7 Earth Magic


You had 21 spell levels left.
You knew the following spells:

 Your Spells              Type           Power      Damage    Failure   Level
a - Sandblast             Erth           100%       2d20      1%          1
b - Passwall              Tmut/Erth      31%        N/A       1%          2
c - Stone Arrow           Conj/Erth      72%        3d11      1%          3

Your spell library contained the following spells:

 Spells                   Type           Power      Damage    Failure   Level
 Beastly Appendage        Tmut           28%        N/A       4%          1
 Petrify                  Tmut/Erth      38%        N/A       4%          4
 Wereblood                Tmut           14%        N/A       6%          2
 Spider Form              Tmut/Pois      12%        N/A       17%         3


Dungeon Overview and Level Annotations

Branches:
Dungeon (10/15) Zot: 2288  Temple (1/1) D:5 Zot: 524
   Lair: D:8-11         Orc: D:9-12

Altars:
Cheibriados
Dithmenos
Kikubaaqudgha
Okawaru
Qazlal
Ru
Sif Muna
Wu Jian
Xom
Yredelemnul
Zin

Shops:
D:3 :

Annotations:
D:5 2 transporters, Darkkill's ghost, novice MiHu


Innate Abilities, Weirdness & Mutations

You passively map the area around you.
You are easily found by Zot.
You glow in the dark.
You regain HP and MP as you explore.


Message History

* * * LOW HITPOINT WARNING * * *
You are too injured to fight recklessly!
Aiming: Sandblast (safe; 1% risk of failure)
Press: ? - help, Q - select action, (/) - cycle Shift-Dir - straight line, f/p - slime creature
Aim: a slime creature (severely wounded, 97% to hit)
The blast of sand hits the slime creature!
The slime creature is almost dead.
The slime creature closely misses you.
Two slime creatures merge to form a large slime creature.
Unknown command.
Unknown command.
Aiming: Sandblast (safe; 1% risk of failure)
Press: ? - help, Q - select action, (/) - cycle Shift-Dir - straight line, f/p - large slime creature
Aim: a large slime creature (heavily wounded, 97% to hit)
The blast of sand hits the large slime creature!!
The large slime creature is severely wounded.
* * * LOW MAGIC WARNING * * *
A large slime creature splits.
Unknown command.
Aiming: Sandblast (safe; 1% risk of failure)
Press: ? - help, Q - select action, (/) - cycle Shift-Dir - straight line, f/p - slime creature
Aim: a slime creature (severely wounded, 97% to hit)
The blast of sand hits the slime creature!!
The slime creature is almost dead.
* * * LOW MAGIC WARNING * * *
The slime creature hits you!
* * * LOW HITPOINT WARNING * * *
The slime creature hits you!!
* * * LOW HITPOINT WARNING * * *
The slime creature hits you!
* * * LOW HITPOINT WARNING * * *
Aiming: Sandblast (safe; 1% risk of failure)
Press: ? - help, Q - select action, (/) - cycle Shift-Dir - straight line, f/p - slime creature
Aim: a slime creature (almost dead, 97% to hit)
The blast of sand hits the slime creature!!
You kill the slime creature!
* * * LOW MAGIC WARNING * * *
The slime creature hits you but does no damage.
The slime creature hits you!
You die...

* .................# *
,.......###..###### * *
....... ##....# , *
##...######....# * , ,
,
...............########
,* ####
.####.......†...(# , ,
##....######.. , * *
#.....#### * , * * , *
#..@.....# * ** * , ,
.......J.###... *
,##......... .., * , *
#..#...#..$#* # ,* , ,
, * ..##...###... , *,
, , , , .. .... , ..##
, , , * ##... .## , , ,
, #... * , , , * * * ,
, ,, *


You could see a slime creature.

Vanquished Creatures
  Pikel (D:7)
  A hornet (D:6)
  4 slime creatures (D:10)
  An acid dragon (D:10)
  A water moccasin (D:6)
  A sky beast (D:6)
  3 black bears
  A centaur (D:6)
  2 lemures (D:7)
  A phantom (D:5)
  3 kobold brigands
  A jelly (D:6)
  A gnoll bouda (D:7)
  2 orc wizards (D:5)
  3 iguanas
  3 adders
  6 gnolls
  2 white imps
  3 worms
  2 dart slugs (D:3)
  8 orcs
  A ball python (D:3)
  4 endoplasms
  A giant cockroach (D:2)
  4 goblins
  6 hobgoblins
  4 jackals (D:3)
  3 quokkas
  A bat (D:1)
  15 kobolds
  3 rats
92 creatures vanquished.

Notes
Turn   | Place    | Note
-------+----------+-------------------------------------------
     0 | D:1      | lunkers the Meteoran Earth Elementalist began the quest for
                  | the Orb.
     0 | D:1      | Reached XP level 1. HP: 14/14 MP: 5/5
   146 | D:1      | Reached skill level 4 in Earth Magic
   146 | D:1      | Reached XP level 2. HP: 20/20 MP: 4/6
   495 | D:1      | Glimpsed the power of Zot.
   607 | D:2      | Reached XP level 3. HP: 26/26 MP: 2/8
   804 | D:3      | Reached XP level 4. HP: 33/33 MP: 2/10
   809 | D:3      | Reached skill level 5 in Earth Magic
   874 | D:3      | Identified the +2 leather armour "Jovifewk" {+Inv rElec
                  | rC-}
   976 | D:3      | Reached XP level 5. HP: 36/38 MP: 8/11
  1015 | D:3      | Found Pulos's Book Shoppe.
  1397 | D:5      | Entered Level 5 of the Dungeon
  1403 | D:5      | Noticed a phantom
  1406 | D:5      | Killed a phantom
  1407 | D:5      | Reached skill level 6 in Earth Magic
  1407 | D:5      | Reached XP level 6. HP: 45/45 MP: 10/13
  1495 | D:5      | Learned a level 2 spell: Passwall
  1499 | D:5      | Learned a level 3 spell: Stone Arrow
  1508 | D:5      | Found the +1 Delatra's gloves {ID++}
  1522 | D:5      | Noticed a wraith
  1525 | D:5      | Noticed a black bear
  1525 | D:5      | Noticed a black bear
  1529 | D:5      | Noticed Darkkill's ghost (novice MiHu)
  1553 | D:5      | Found a transporter.
  1562 | D:5      | Found a transporter.
  1619 | D:6      | Noticed a black bear
  1624 | D:5      | Killed a black bear
  1625 | D:5      | Reached skill level 5 in Spellcasting
  1625 | D:5      | Reached skill level 7 in Earth Magic
  1625 | D:5      | Reached XP level 7. HP: 16/50 MP: 8/15
  1649 | D:5      | Found a staircase to the Ecumenical Temple.
  1658 | Temple   | Entered the Ecumenical Temple
  1723 | Temple   | Became a worshipper of Ru the Awakened
  1872 | D:6      | Noticed a hornet
  1878 | D:6      | Killed a hornet
  1879 | D:6      | Reached skill level 8 in Earth Magic
  1879 | D:6      | Reached XP level 8. HP: 57/57 MP: 7/18
  1956 | D:6      | Reached skill level 9 in Earth Magic
  2051 | D:7      | Noticed Pikel
  2063 | D:7      | Killed Pikel
  2064 | D:7      | Reached skill level 11 in Earth Magic
  2064 | D:7      | Gained mutation: You passively map the area around you.
                  | [Meteoran growth]
  2064 | D:7      | Reached XP level 9. HP: 15/62 MP: 7/21
  2335 | D:7      | Found an ornate altar of the Wu Jian Council.
  2460 | D:7      | You fall into a shaft and drop 3 floors!
  2460 | D:10     | Entered Level 10 of the Dungeon
  2491 | D:10     | Noticed a slime creature
  2494 | D:10     | Noticed a slime creature
  2496 | D:10     | Killed a slime creature
  2497 | D:10     | Reached skill level 12 in Earth Magic
  2500 | D:10     | Killed a slime creature
  2501 | D:10     | Reached XP level 10. HP: 44/69 MP: 8/23
  2517 | D:10     | HP: 1/69 [slime creature (8)]
  2518 | D:10     | Mangled by a slime creature

Illustrated notes

Levels and vault maps discovered:
D:1:      matt_arrival_spirals, layout_loops_ring, minmay_fountain_box,
          minmay_misc_feat_ornament
D:2:      layout_basic, shapermc_ecumenical_altar_flowoftime
D:3:      layout_rooms, mainiacjoe_overflow_tiny_flanked, serial_shops, shop,
          kennysheep_generic_room_6, uniq_sigmund
D:4:      layout_loops_corners, uniq_menkaure
D:5:      layout_gridville, minmay_temple_entry_purple_smoke,
          gammafunk_ghost_arena, serial_glass, glass_columns_a, glass_columns_a,
          glass_columns_a, glass_columns_c
D:6:      layout_rooms, serial_shops, nicolae_take_the_stairs
D:7:      layout_loops_ring, nicolae_overflow_hidden_temple,
          nzn_wu_jian_contemplation, uniq_prince_ribbit1, uniq_pikel
D:10:     minmay_spotlight, layout_rooms, mainiacjoe_overflow_small_starburst
Temple:   eino_wide_crystal_templ

Skill      XL: |  1  2  3  4  5  6  7  8  9 10 |
---------------+-------------------------------+-----
Earth Magic    | 4 5 6 7 8 11 12 | 12.7
Spellcasting   | 3 4 5 6 7 8 9 |  9.1
Dodging        | |  2.4
Stealth        | |  1.4
Transmutations | |  1.2

Action                   |  1- 3 |  4- 6 |  7- 9 | 10-12 || total
-------------------------+-------+-------+-------+-------++-------
Melee: Unarmed           |       |    10 |       |       ||    10
       Mace              |       |     1 |     1 |       ||     2
 Cast: Sandblast         |    34 |    41 |    59 |     9 ||   143
       Stone Arrow       |       |     2 |    14 |       ||    16
  Use: Scroll            |       |     4 |    11 |       ||    15
Armor: Robe              |       |     1 |     1 |     1 ||     3
Dodge: Dodged            |     4 |    15 |    13 |     1 ||    33

Table legend: (Time is in decaauts)
 A = Elapsed time spent in this place.
 B = Non-inter-level travel time spent in this place.
 C = Inter-level travel time spent in this place.
 D = Time resting spent in this place.
 E = Time spent auto-exploring this place.
 F = Levels seen in this place.
 G = Mean time per level.
                   A        B        C        D        E       F      G
               +--------+--------+--------+--------+--------+-----+--------+
         Total |   2586 |   2330 |    256 |      0 |   1700 |   9 |  287.3 |
       Dungeon |   2510 |   2276 |    234 |      0 |   1661 |   8 |  313.8 |
        Temple |     75 |     53 |     22 |      0 |     39 |   1 |   75.0 |
               +--------+--------+--------+--------+--------+-----+--------+

Top non-repeatable levels by time:
     D:1: 514 daAuts
     D:7: 427 daAuts
     D:4: 369 daAuts
     D:5: 323 daAuts
     D:3: 279 daAuts
     D:6: 266 daAuts
     D:2: 263 daAuts
  Temple: 75 daAuts
    D:10: 65 daAuts
